 Dungeon Crawl Stone Soup version 0.29.1-4-g47bece8355 (webtiles) character file.

Game seed: 13261095641921740320

22649 warriortoast the Covert (level 12, -2/108 HPs)
             Began as a Green Draconian Conjurer on Dec 3, 2022.
             Was a Priest of Hepliaklqana.
             Slain by a two-headed ogre
             ... wielding a +0 giant club
              (3 damage)
             ... on level 11 of the Dungeon on Dec 5, 2022.
             The game lasted 01:01:35 (28444 turns).

warriortoast the Covert (Green Draconian Conjurer) Turns: 28444, Time: 01:01:35

Health: -2/108     AC: 30    Str: 16    XL:     12   Next: 64%
Magic:  6/25       EV:  2    Int: 23    God:    Hepliaklqana [***...]
Gold:   840        SH:  0    Dex: 10    Spells: 9/30 levels left

rFire   . . .      SeeInvis .   o - +0 mace (protect)
rCold   . . .      Faith    .   (no shield)
rNeg    . . .      Spirit   .   (body armour unavailable)
rPois   +          Reflect  .   (helmet currently unavailable)
rElec   .          Harm     .   (cloak currently unavailable)
rCorr   .          Rampage  .   (gloves currently unavailable)
Will    .....      NoTele   +   (boots currently unavailable)
Stlth   ++++......              H - amulet of magic regeneration
HPRegen 0.28/turn               l - +4 ring of protection
MPRegen 0.59/turn               p - +6 ring of strength

@: tree-form
A: stationary, stasis, torment immunity, boosted hp, reduced essence, (breathe
noxious fumes), AC +8, unfitting armour, (poison resistance), (cold-blooded)
a: Renounce Religion, Recall Ancestor, Ancestor Identity, Transference


You were on level 11 of the Dungeon.
You worshipped Hepliaklqana.
Hepliaklqana was most pleased with you.
You were a tree.
You visited 3 branches of the dungeon, and saw 15 of its levels.
You also visited: Sewer.

You collected 840 gold pieces.

Inventory:

Hand Weapons
 b - a +0 dagger of protection
 o - a +0 mace of protection (weapon)
 v - the +9 mace of Gozag, Hammering {drain, *Noise Dex+7}
   (You found it on level 4 of the Dungeon)

   A truly terrible weapon, it drains the life of any living foe it strikes.
   Dex:       It affects your dexterity (+7).
   *Noise:    It may make noises in combat.
Missiles
 r - a throwing net
Armour
 F - a scarf of harm
Jewellery
 a - an amulet of guardian spirit
 h - a ring of resist corrosion
 l - a +4 ring of protection (left branch)
 m - an amulet of reflection
 p - a +6 ring of strength (right branch)
 y - a ring of ice
 H - an amulet of magic regeneration (around neck)
Wands
 u - a wand of quicksilver (6)
 D - a wand of charming (15)
 E - a wand of flame (16)
Scrolls
 f - 5 scrolls of noise
 g - 2 scrolls of brand weapon
 j - a scroll of vulnerability
 q - 4 scrolls of enchant armour
 w - 3 scrolls of amnesia
 I - a scroll of identify
 K - a scroll of immolation {unknown}
Potions
 c - 3 potions of berserk rage
 d - 3 potions of ambrosia
 e - a potion of heal wounds
 i - 4 potions of haste
 k - 9 potions of curing
 n - 2 potions of degeneration
 s - 4 potions of attraction
 t - a potion of cancellation
 x - 3 potions of brilliance
 z - a potion of lignification
 A - a potion of might {unknown}
 B - 3 potions of flight
 C - 5 potions of mutation
 G - a potion of invisibility


   Skills:
 - Level 8.0 Dodging
 + Level 10.8 Stealth
 + Level 9.9 Spellcasting
 - Level 10.0 Conjurations
 - Level 4.0 Hexes
 - Level 5.0 Translocations
 - Level 8.0 Poison Magic


You had 9 spell levels left.
You knew the following spells:

 Your Spells              Type           Power      Damage    Failure   Level
a - Magic Dart            Conj           100%       1d8       1%          1
b - Searing Ray           Conj           100%       2d8       1%          2
c - Dazzling Flash        Conj/Hex       86%        N/A       1%          3
d - Fulminant Prism       Conj/Hex       21%        3d13      3%          4
e - Iskenderun's Mystic   Conj/Tloc      45%        2d10      2%          4
f - Olgreb's Toxic Radia  Pois           48%        N/A       2%          4
g - Ignite Poison         Fire/Tmut/Pois 23%        N/A       6%          3

Your spell library contained the following spells:

 Spells                   Type           Power      Damage    Failure   Level
 Sting                    Tmut/Pois      100%       1d8       1%          1
 Poisonous Vapours        Pois/Air       58%        N/A       1%          2
 Conjure Flame            Conj/Fire      34%        6-21      2%          3
 Gell's Gravitas          Tloc           34%        N/A       2%          3
 Portal Projectile        Hex/Tloc       64%        N/A       2%          3
 Teleport Other           Tloc           34%        N/A       2%          3
 Tukima's Dance           Hex            29%        N/A       3%          3
 Summon Small Mammal      Summ           44%        N/A       6%          1
 Summon Guardian Golem    Hex/Summ       20%        N/A       8%          3
 Sticky Flame             Conj/Fire      34%        2d5       8%          4
 Call Canine Familiar     Summ           11%        N/A       17%         3
 Corpse Rot               Necr/Pois/Air  23%        N/A       19%         4
 Dispel Undead            Necr           11%        3d9       50%         4
 Dispersal                Tloc           17%        N/A       75%         6
 Blade Hands              Tmut           5%         N/A       85%         5
 Death Channel            Necr           5%         N/A       100%        6


Dungeon Overview and Level Annotations

Branches:
Dungeon (11/15)            Temple (1/1) D:7            Lair (3/5) D:10
 Shoals (0/4) Lair:2        Snake (0/4) Lair:3        Sewer (visited)
    Orc: D:9-12

Altars:
Ashenzari
Cheibriados
Dithmenos
Elyvilon
Fedhas
Gozag
Hepliaklqana
Kikubaaqudgha
Makhleb
Nemelex Xobeh
Okawaru
Qazlal
Ru
Sif Muna
Trog
Uskayaw
Vehumet
Wu Jian
Xom
Yredelemnul
Zin
The Shining One

Shops:
D:10 :   D:11 :

Annotations:
D:3 exclusion: door
D:10 exclusion: downstairs


Innate Abilities, Weirdness & Mutations

You are a tree.
Your roots penetrate the ground, keeping you stationary.
You cannot be teleported.
You are immune to unholy pain and torment.
Your maximum health is greatly increased.
Your equipment is partially melded.
Your life essence is reduced to manifest your ancestor. (-10% HP)
((You can breathe blasts of noxious fumes.))
((Your lurid green scales are hard. (AC +8)))
You cannot fit into any form of body armour.
((Your system is resistant to poisons. (rPois)))
((You are cold-blooded and may be slowed by cold attacks.))


Message History

The killer bee is knocked back by the mystic blast.
The killer bee slams into the rock wall!
The killer bee is almost dead.
The killer bee stings you.
* * * LOW HITPOINT WARNING * * *
Aiming: Magic Dart (safe; 1% risk of failure)
Press: ? - help, Q - select action, (/) - cycle Shift-Dir - straight line, f - killer bee
Aim: a killer bee (almost dead, 100% to hit)
The magic dart hits the killer bee.
The killer bee is almost dead.
The killer bee stings you but does no damage.
The killer bee stings you.
* * * LOW HITPOINT WARNING * * *
Aiming: Magic Dart (safe; 1% risk of failure)
Press: ? - help, Q - select action, (/) - cycle Shift-Dir - straight line, f/p - killer bee
Aim: a killer bee (almost dead, 100% to hit)
The magic dart hits the killer bee.
You kill the killer bee!
A queen bee comes into view.
Okay, then.
Drinking this now will have no effect.
Really quaff the potion of lignification?
You turn into a tree.
Your roots penetrate the ground.
A troll comes into view.
You carefully extract the barbed spikes from your body.
The two-headed ogre hits you with a +0 giant club.
* * * LOW HITPOINT WARNING * * *
The two-headed ogre barely misses you. The troll bites you but does no damage.
The troll claws you!
* * * LOW HITPOINT WARNING * * *
The troll claws you but does no damage.
The two-headed ogre hits you with a +0 giant club.
* * * LOW HITPOINT WARNING * * *
The two-headed ogre hits you but does no damage.
The troll bites you but does no damage. The troll claws you.
* * * LOW HITPOINT WARNING * * *
The troll completely misses you. The troll bites you but does no damage.
The troll claws you but does no damage. x2
The two-headed ogre hits you with a +0 giant club.
You die...

############....#..##.# ##
##########....#..##.# P. #.
.#.....##....#.....# ...##.#
......##....#.....# ..#....
#.....##....#.....#
#.....###.....##'####†##..#
#.............#.....†<....#
...#.........T.'<..........#
.P......).$.♣Oy#...........#
...####'########...#.......#
...........<.......#...>...#
#.....##...##......#.......#
##.....^...##......#.......#
#.........................#
............^..............#
############################


You could see a two-headed ogre, a queen bee and a troll.

Vanquished Creatures
  A hydra (Lair:2)
  A two-headed ogre (D:9)
  Urug (Lair:3)
  2 manticores
  3 elephants (Lair:1)
  3 black mambas
  2 cane toads
  2 komodo dragons
  A rime drake (Lair:3)
  3 trolls
  A polar bear (Lair:2)
  2 hornets
  6 blink frogs (Lair:2)
  A shadow (D:9)
  A wyvern (D:7)
  14 yaks
  3 steam dragons
  4 vampire mosquitoes
  A naga (Lair:3)
  2 acid dragons
  10 water moccasins
  A sky beast (D:7)
  2 ice beasts
  5 black bears
  4 ogres
  3 centaurs
  8 wolves (Lair:2)
  A phantom (D:5)
  3 kobold brigands
  9 bullfrogs
  A scorpion (D:6)
  11 wights
  11 killer bees
  6 electric eels (D:6)
  4 howler monkeys
  A centaur zombie (D:9)
  3 hounds
  4 orc priests
  A gnoll bouda (D:8)
  3 iguanas
  Ijyb (D:5)
  8 orc wizards
  A hell rat (Sewer)
  A howler monkey zombie (D:9)
  12 gnolls
  13 adders
  A river rat (Sewer)
  2 shadow imps (D:6)
  2 white imps
  An ufetubus (D:6)
  6 dart slugs
  24 orcs
  8 endoplasms
  7 giant cockroaches
  7 goblins
  9 hobgoblins
  3 jackals (D:5)
  28 kobolds
  4 quokkas
  5 ball pythons
  7 bats
  3 frilled lizards
  11 rats
309 creatures vanquished.

Vanquished Creatures (collateral kills)
  A hydra (Lair:2)
  A black mamba (Lair:1)
  3 cane toads (Lair:2)
  3 komodo dragons
  2 blink frogs (Lair:2)
  3 yaks
  A wyvern (Lair:2)
  A basilisk (Lair:2)
  2 nagas (Lair:3)
  3 water moccasins
  2 black bears (D:10)
  2 wolves (Lair:2)
  A bullfrog (D:10)
  3 killer bees
  An orc priest (D:9)
29 creatures vanquished.

Vanquished Creatures (others)
  A knight (D:11)
  9 ancestors
  69 fulminant prisms
  63 fungi
  64 plants
206 creatures vanquished.

Grand Total: 544 creatures vanquished

Notes
Turn   | Place    | Note
-------+----------+-------------------------------------------
     0 | D:1      | warriortoast the Draconian Conjurer began the quest for the
                  | Orb.
     0 | D:1      | Reached XP level 1. HP: 14/14 MP: 3/3
   254 | D:1      | Reached XP level 2. HP: 13/20 MP: 0/5
   615 | D:1      | Found a faded altar of an unknown god.
  1037 | D:1      | Reached XP level 3. HP: 26/26 MP: 0/6
  1985 | D:2      | Reached XP level 4. HP: 33/33 MP: 3/7
  2282 | D:2      | Found a burning altar of Makhleb.
  3102 | D:3      | Reached XP level 5. HP: 38/38 MP: 2/9
  4792 | D:4      | Reached skill level 5 in Conjurations
  5064 | D:4      | Noticed an ogre
  5166 | D:4      | Reached XP level 6. HP: 45/45 MP: 4/11
  5953 | D:4      | Identified the +9 mace of Gozag, Hammering {drain, *Noise
                  | Dex+7}
  6492 | D:4      | Learned a level 2 spell: Searing Ray
  6496 | D:4      | Learned a level 3 spell: Dazzling Flash
  6562 | D:5      | Entered Level 5 of the Dungeon
  6856 | D:5      | Your scales start taking on a lurid green colour.
  6856 | D:5      | Reached XP level 7. HP: 50/50 MP: 4/12
  6856 | D:5      | Gained mutation: Your system is resistant to poisons.
                  | (rPois) [Green Draconian growth]
  7593 | D:5      | Noticed Ijyb
  7618 | D:5      | Killed Ijyb
  8407 | D:5      | Reached XP level 8. HP: 49/57 MP: 3/14
  8750 | D:6      | Reached skill level 5 in Stealth
  8753 | D:6      | Found a glowing drain.
  8844 | Sewer    | Entered a sewer
  9147 | D:6      | Reached skill level 5 in Spellcasting
  9581 | D:6      | Reached skill level 5 in Dodging
  9728 | D:6      | Learned a level 4 spell: Fulminant Prism
  9733 | D:6      | Learned a level 4 spell: Iskenderun's Mystic Blast
 10863 | D:7      | Noticed a troll
 10871 | D:7      | Killed a troll
 10872 | D:7      | Reached XP level 9. HP: 62/62 MP: 11/17
 12288 | D:7      | Reached skill level 1 in Hexes
 12601 | D:7      | Found a staircase to the Ecumenical Temple.
 12650 | Temple   | Entered the Ecumenical Temple
 12890 | Temple   | Became a worshipper of Hepliaklqana the Forgotten
 14812 | D:8      | Reached skill level 1 in Translocations
 15133 | D:8      | Reached XP level 10. HP: 69/69 MP: 4/20
 16811 | D:9      | Noticed a manticore
 16817 | D:9      | Killed a manticore
 17467 | D:9      | Found a basalt altar of Yredelemnul.
 17749 | D:9      | Learned a level 4 spell: Olgreb's Toxic Radiance
 17780 | D:8      | Learned a level 3 spell: Ignite Poison
 18673 | D:9      | Reached * piety under Hepliaklqana
 18890 | D:9      | Reached skill level 1 in Poison Magic
 18989 | D:10     | Entered Level 10 of the Dungeon
 19536 | D:10     | Found Yhoeff's Book Emporium.
 20619 | D:9      | Noticed a two-headed ogre
 20631 | D:9      | Killed a two-headed ogre
 20632 | D:9      | Reached XP level 11. HP: 66/66 MP: 10/22
 21382 | D:10     | Found a staircase to the Lair.
 21974 | D:11     | Noticed a two-headed ogre
 22194 | D:11     | Noticed a fire dragon
 22302 | Lair:1   | Entered Level 1 of the Lair of Beasts
 22606 | Lair:1   | Found a frozen archway.
 22688 | Lair:1   | Reached ** piety under Hepliaklqana
 22689 | Lair:1   | Remembered your ancestor Leofdaeg as a knight
 23609 | Lair:1   | Reached skill level 5 in Poison Magic
 23946 | D:11     | Noticed a boulder beetle
 23951 | D:11     | Reached skill level 5 in Translocations
 23955 | D:11     | Noticed a skeletal warrior
 24350 | Lair:2   | Noticed a five-headed hydra
 24359 | Lair:2   | Killed a five-headed hydra
 24529 | Lair:2   | HP: 1/66 [water moccasin (3)]
 24917 | Lair:2   | Noticed a five-headed hydra
 24943 | Lair:2   | Killed a five-headed hydra
 24944 | Lair:2   | Reached skill level 10 in Conjurations
 24951 | Lair:2   | Reached XP level 12. HP: 34/72 MP: 2/24
 25135 | Lair:2   | Found a staircase to the Shoals.
 26089 | Lair:2   | Reached *** piety under Hepliaklqana
 26608 | Lair:2   | Reached skill level 10 in Stealth
 26928 | Lair:3   | Found a staircase to the Snake Pit.
 27023 | Lair:3   | Noticed Urug
 27027 | Lair:3   | Killed Urug
 27229 | Lair:3   | Identified the +7 long sword of Massacring {freeze, Will-
                  | rCorr Dex+4}
 28443 | D:11     | HP: 1/108 [troll (6)]
 28444 | D:11     | Slain by a two-headed ogre

Illustrated notes

Levels and vault maps discovered:
D:1:      matt_arrival_los_fun, layout_basic,
          shapermc_ecumenical_altar_notcrosses
D:2:      layout_basic, basic_altar
D:3:      layout_basic
D:4:      layout_layer_cave
D:5:      layout_cave_pools, uniq_ijyb
D:6:      cheibrodos_two_vegetables, layout_gridville, gup_sewer_entry_glass,
          st_stairs_13, corexii_hall_statues_x
D:7:      layout_basic, minmay_temple_entry_ruins
D:8:      layout_loops_ring
D:9:      layout_small_grid, lemuel_zombie_altar_yredelemnul, minivault_21
D:10:     layout_rooms, due_lair_maze_entry_diamond, serial_shops, shop
D:11:     regret_index_tunnel_blossom, layout_stronghold
Temple:   mainiacjoe_temple_starburst
Lair:1:   layout_cave_shapes, portal_ice_cave_entry_pillars_1,
          gauntlet_entry_generic, dreamdust_deal_with_the_devil
Lair:2:   layout_cave_pods, shoals_dummy_entry, beast_lair_carwin_10,
          grunt_megastairs_3, lemuel_fruit_tree
Lair:3:   layout_cave_pods, guppyfry_snake_entry_island, uniq_urug

Skill      XL: |  1  2  3  4  5  6  7  8  9 10 11 12 |
---------------+-------------------------------------+-----
Stealth        | 2 3 4 6 7 8 9 10 | 10.8
Dodging        | 2 3 4 5 6 7 8 |  8.0
Spellcasting   | 3 4 5 6 7 8 9 |  9.9
Conjurations   | 5 6 7 8 10 | 10.0
Hexes          | 2 4 |  4.0
Translocations | 1 3 5 |  5.0
Poison Magic   | 3 6 8 |  8.0

Action                   |  1- 3 |  4- 6 |  7- 9 | 10-12 || total
-------------------------+-------+-------+-------+-------++-------
Melee: Dagger            |    12 |    25 |       |       ||    37
       Unarmed           |     4 |       |       |       ||     4
       Tailslap          |     3 |     7 |     2 |     3 ||    15
       Mace              |       |    27 |    59 |    49 ||   135
       Punch             |       |       |     1 |       ||     1
 Cast: Magic Dart        |    79 |   161 |   389 |   360 ||   989
       Dazzling Flash    |       |       |     2 |       ||     2
       Fulminant Prism   |       |       |    15 |    54 ||    69
       Iskenderun's Myst |       |       |    10 |    91 ||   101
       Searing Ray       |       |       |     1 |     1 ||     2
       Ignite Poison     |       |       |       |    20 ||    20
       Olgreb's Toxic Ra |       |       |       |    17 ||    17
Invok: Recall Ancestor   |       |       |       |     4 ||     4
       Ancestor Life: Kn |       |       |       |     1 ||     1
 Abil: Breathe Noxious F |       |       |     2 |       ||     2
Evoke: Wand              |       |       |     3 |       ||     3
  Use: Scroll            |       |       |    16 |    16 ||    32
       Potion            |       |       |     1 |     6 ||     7
Armor: Skin              |     4 |    26 |   100 |   104 ||   234
Dodge: Dodged            |     9 |    53 |   169 |   158 ||   389
Block: Other             |       |       |     4 |    46 ||    50
       Reflection        |       |       |       |     6 ||     6
